 Dungeon Crawl Stone Soup version 0.21.0-3-g78d12a8 (webtiles) character file.

13351 Inarius the Frost Mage (level 11, -7/82 HPs)
             Began as a Black Draconian Ice Elementalist on Jan 12, 2018.
             Was an Elder of Hepliaklqana.
             Mangled by an eight-headed hydra (13 damage)
             ... on level 12 of the Dungeon.
             The game lasted 00:48:17 (14884 turns).

Inarius the Frost Mage (DrIE)                      Turns: 14884, Time: 00:48:17

Health: -7/82      AC: 10    Str: 10    XL:     11   Next: 74%
Magic:  8/20       EV: 15    Int: 20    God:    Hepliaklqana [****..]
Gold:   685        SH:  0    Dex: 11    Spells: 10/22 levels left

rFire    . . .     SeeInvis .   a - +5 flail (holy)
rCold    . . .     Gourm    .   (no shield)
rNeg     . . .     Faith    +   (armour unavailable)
rPois    .         Spirit   .   (helmet restricted)
rElec    +         Reflect  .   m - +0 cloak
rCorr    .         Harm     .   j - +1 pair of gloves
MR       .....                  (no boots)
Stlth    ++........             g - amulet of faith
HPRegen  0.23/turn              (no ring)
MPRegen  0.17/turn              (no ring)

@: no status effects
A: breathe lightning, unfitting armour, reduced essence, electricity resistance,
cold-blooded, AC +7
a: Breathe Lightning, Recall Ancestor, Ancestor Identity, Transference,
Idealise, Renounce Religion


You were on level 12 of the Dungeon.
You worshipped Hepliaklqana.
Hepliaklqana was greatly pleased with you.
You were hungry.

You visited 2 branches of the dungeon, and saw 13 of its levels.
You also visited: Sewer.

You collected 745 gold pieces.
You spent 60 gold pieces at shops.

Inventory:

Hand Weapons
 a - a +5 flail of holy wrath (weapon)
 b - a +3 quarterstaff of chaos
 e - a +1 dagger of electrocution
 A - a +0 scimitar of flaming
 N - a cursed +0 quarterstaff
Armour
 j - a +1 pair of gloves (worn)
 m - a +0 cloak (worn)
Magical Staves
 E - an uncursed staff of cold
Jewellery
 g - an amulet of faith (around neck)
 K - an uncursed ring of ice {unknown}
Wands
 k - a wand of polymorph (12)
 r - a wand of iceblast (29)
 I - a wand of clouds (3)
 J - a wand of acid (5)
Scrolls
 i - 4 scrolls of fog
 q - 8 scrolls of blinking
 w - 3 scrolls of teleportation {unknown}
 x - 2 scrolls of magic mapping
 y - 2 scrolls of fear {unknown}
 G - a scroll of vulnerability {unknown}
 H - 5 scrolls of remove curse
 M - 2 scrolls of amnesia {unknown}
Potions
 c - 2 potions of brilliance
 d - 2 potions of mutation {unknown}
 f - a potion of flight {unknown}
 h - a potion of ambrosia {unknown}
 n - a potion of degeneration {unknown}
 o - a potion of resistance
 p - 5 potions of heal wounds
 s - a potion of invisibility {unknown}
 t - 2 potions of might
 u - 2 potions of lignification
 v - 5 potions of magic
 z - a potion of agility {unknown}
 C - a potion of cancellation {unknown}
 D - 2 potions of berserk rage {unknown}
 F - a potion of curing
Miscellaneous
 B - a lightning rod (4/4)
Comestibles
 l - 14 rations


   Skills:
 + Level 7.0 Fighting
 - Level 1.0 Maces & Flails
 - Level 7.0 Dodging
 - Level 1.7 Stealth
 - Level 6.0 Spellcasting
 + Level 5.7 Conjurations
 + Level 3.4 Charms
 * Level 2.9 Summonings
 * Level 11.6 Ice Magic
 * Level 4.8 Invocations
 * Level 3.7 Evocations


You had 10 spell levels left.
You knew the following spells:

 Your Spells              Type           Power        Failure   Level  Hunger
a - Freeze                Ice            ####         1%          1    None
b - Ozocubu's Armour      Chrm/Ice       #####...     1%          3    ##.....
c - Throw Icicle          Conj/Ice       #####...     2%          4    ####...
d - Summon Ice Beast      Ice/Summ       #####...     4%          4    ####...


Dungeon Overview and Level Annotations

Branches:
Dungeon (12/15)            Temple (1/1) D:5            Lair (0/6) D:9
    Orc (0/2) D:12

Altars:
Ashenzari
Cheibriados
Dithmenos
Elyvilon
Fedhas
Gozag
Hepliaklqana
Kikubaaqudgha
Makhleb
Okawaru
Qazlal
Ru
Sif Muna
Trog
Uskayaw
Vehumet
Wu Jian
Yredelemnul
Zin
The Shining One

Shops:
D:4 *   D:8 %(


Innate Abilities, Weirdness & Mutations

You can breathe wild blasts of lightning.
Your glossy black scales are hard. (AC +7)
You cannot fit into any form of body armour.
You are resistant to electric shocks. (rElec)
You are cold-blooded and may be slowed by cold attacks.
Your life essence is reduced to manifest your ancestor. (-10% HP)


Message History

The eight-headed hydra is severely wounded.
You are feeling hungry.
Onaxys blocks the centaur warrior zombie's attack.
The eight-headed hydra bites you. The eight-headed hydra bites you!
The eight-headed hydra bites you. The eight-headed hydra misses you.
The eight-headed hydra bites you! x2
* * * LOW HITPOINT WARNING * * *
The eight-headed hydra bites you but does no damage.
The eight-headed hydra barely misses you.
You feel much better.
Onaxys hits the centaur warrior zombie with a flail.
The centaur warrior zombie hits Onaxys but does no damage.
The eight-headed hydra closely misses you.
The eight-headed hydra bites you! x2
* * * LOW HITPOINT WARNING * * *
The eight-headed hydra bites you!
* * * LOW HITPOINT WARNING * * *
The eight-headed hydra barely misses you. x2
The eight-headed hydra bites you!
You die...

###......##.)))..#
#.#....#(####.###
#.[#''#..#....#
####..####.#### #### ##.#
####+#### #..# ........#
###'####### ......RZ###
#.........#
.......D@.###.........#
........#..##.........# #
........##.##.........###
..[.....##.##........(##.
........##..'.........#..
#############.........'.#
#.........### #####+#####


You could see the friendly Onaxys the knight, an eight-headed hydra and a
centaur warrior zombie.

Vanquished Creatures
  A two-headed ogre (D:8)
  An orc knight (D:12)
  A cyclops (D:8)
  A kobold demonologist (D:11)
  A gargoyle (D:11)
  2 komodo dragons (D:11)
  3 trolls
  Grinder (D:5)
  A wyvern (D:11)
  2 vampire mosquitoes (D:12)
  Edmund (D:5)
  2 orc warriors (D:10)
  3 ogres
  A phantom (D:11)
  A black bear (D:10)
  A necrophage (D:10)
  8 centaurs
  4 big kobolds
  6 bullfrogs
  A gnoll sergeant (D:9)
  2 scorpions
  A water moccasin skeleton (D:6)
  13 killer bees
  2 wights
  4 howler monkeys
  4 crimson imps
  A bullfrog skeleton (D:12)
  3 bullfrog zombies
  A centaur skeleton (D:9)
  3 orc priests
  A centaur zombie (D:6)
  5 hounds
  2 jellies
  6 orc wizards
  Crazy Yiuf (D:4)
  2 iguanas
  A knight (D:9)
  13 worker ants
  2 hound zombies (D:6)
  2 worker ant zombies
  6 gnolls
  12 adders
  A howler monkey skeleton (D:8)
  4 river rats (Sewer)
  A shadow imp (D:10)
  An ooze (Sewer)
  An adder skeleton (D:4)
  A worm (D:4)
  A dart slug (D:3)
  4 leopard geckos
  32 orcs
  8 giant cockroaches
  4 goblins
  6 hobgoblins
  12 jackals
  19 kobolds
  2 quokkas
  11 ball pythons
  11 bats
  7 frilled lizards
  A quokka skeleton (D:5)
  A quokka zombie (D:10)
  15 rats
  A butterfly (D:9)
273 creatures vanquished.

Vanquished Creatures (collateral kills)
  Erica (D:10)
  A two-headed ogre (D:8)
  Maurice (D:11)
  A hippogriff (D:10)
  3 hungry ghosts
  A steam dragon (D:10)
  A soldier ant (D:9)
  3 ogres
  3 centaurs
  3 big kobolds
  4 bullfrogs
  11 killer bees
  A scorpion (D:9)
  5 wights (D:7)
  A crimson imp (D:8)
  A centaur zombie (D:12)
  A hound (D:8)
  2 orc wizards (D:9)
  2 bullfrog skeletons
  An orc priest (D:5)
  2 centaur skeletons
  7 worker ants
  An iguana (D:8)
  A hound skeleton (D:5)
  A gnoll (D:9)
  2 adders
  3 river rats (Sewer)
  A shadow imp (D:10)
  10 orcs
  A ball python (D:7)
  4 giant cockroaches (D:9)
  A jackal (D:7)
  7 kobolds
  A frilled lizard (Sewer)
  10 rats (Sewer)
99 creatures vanquished.

Vanquished Creatures (others)
  A knight (D:8)
  A worker ant (D:9)
  4 ancestors
  A fungus (D:4)
7 creatures vanquished.

Grand Total: 379 creatures vanquished

Notes
Turn   | Place    | Note
-------+----------+-------------------------------------------
     0 | D:1      | Inarius the Draconian Ice Elementalist began the quest for the Orb.
     0 | D:1      | Reached XP level 1. HP: 14/14 MP: 3/3
   243 | D:1      | Reached XP level 2. HP: 20/20 MP: 1/5
  1141 | D:2      | Reached XP level 3. HP: 23/26 MP: 1/6
  1150 | D:2      | Learned a level 3 spell: Ozocubu's Armour
  1242 | D:2      | Reached skill level 4 in Ice Magic
  1731 | D:2      | Found a deep blue altar of Sif Muna.
  1921 | D:2      | Reached XP level 4. HP: 33/33 MP: 6/8
  1930 | D:2      | Learned a level 4 spell: Throw Icicle
  3006 | D:4      | Noticed an ogre
  3058 | D:4      | Found Zin's Purification Station.
  3061 | D:4      | Found a glowing silver altar of Zin.
  3099 | D:4      | Reached XP level 5. HP: 38/38 MP: 2/9
  3139 | D:4      | Found a runed door.
  3157 | D:4      | Noticed Crazy Yiuf
  3208 | D:4      | Killed Crazy Yiuf
  3208 | D:4      | Reached skill level 5 in Ice Magic
  3881 | D:4      | Found a blossoming altar of Fedhas.
  4336 | D:4      | Reached XP level 6. HP: 43/46 MP: 1/11
  4724 | D:5      | Entered Level 5 of the Dungeon
  4767 | D:5      | Noticed Grinder
  4811 | D:5      | Reached skill level 1 in Charms
  4892 | D:5      | Noticed Edmund
  4905 | D:5      | Killed Edmund
  4905 | D:5      | Reached skill level 6 in Ice Magic
  5008 | D:5      | Your scales start taking on a glossy black colour.
  5008 | D:5      | Reached XP level 7. HP: 49/51 MP: 9/13
  5008 | D:5      | Gained mutation: You are resistant to electric shocks. (rElec) [Black Draconian growth]
  5084 | D:5      | Found a staircase to the Ecumenical Temple.
  5088 | Temple   | Entered the Ecumenical Temple
  5132 | Temple   | Became a worshipper of Hepliaklqana the Forgotten
  5608 | D:5      | Killed Grinder
  5608 | D:5      | Reached skill level 7 in Ice Magic
  5726 | D:5      | Reached XP level 8. HP: 7/52 MP: 12/15
  6018 | D:5      | Reached skill level 5 in Spellcasting
  6242 | D:6      | Reached * piety under Hepliaklqana
  6263 | D:6      | Reached skill level 1 in Fighting
  6263 | D:6      | Reached skill level 1 in Maces & Flails
  6529 | D:6      | Found a glowing drain.
  6534 | Sewer    | Entered a sewer
  6954 | Sewer    | Reached skill level 8 in Ice Magic
  7285 | D:6      | Found a stormy altar of Qazlal.
  7692 | D:7      | Reached XP level 9. HP: 25/63 MP: 16/16
  7906 | D:7      | Found an ornate altar of the Wu Jian Council.
  8316 | D:7      | Reached ** piety under Hepliaklqana
  8317 | D:7      | Remembered your ancestor Onaxys as a knight
  8351 | D:7      | Reached skill level 5 in Dodging
  8799 | D:8      | Noticed a two-headed ogre
  8866 | D:8      | Reached skill level 5 in Fighting
  9210 | D:9      | Reached skill level 9 in Ice Magic
  9464 | D:9      | Reached XP level 10. HP: 74/74 MP: 7/18
  9554 | D:9      | Found a runed door.
  9574 | D:9      | Found a runed door.
  9584 | D:9      | Found a staircase to the Lair.
  9882 | D:8      | Killed a two-headed ogre
 10207 | D:8      | Found Atteleysmy's Weapon Shop.
 10216 | D:8      | Noticed a two-headed ogre
 10227 | D:8      | Killed a two-headed ogre
 10227 | D:8      | Reached skill level 1 in Invocations
 10227 | D:8      | Reached skill level 1 in Evocations
 10283 | D:8      | Noticed a cyclops
 10511 | D:8      | Killed a cyclops
 10522 | D:8      | Learned a level 4 spell: Summon Ice Beast
 10535 | D:8      | Found Gewiqaid's Food Emporium.
 10548 | D:8      | Bought a ration for 60 gold pieces
 10730 | D:8      | Found a faded altar of an unknown god.
 10730 | D:8      | Found a radiant altar of Vehumet.
 10736 | D:8      | Found a burning altar of Makhleb.
 10738 | D:8      | Found a bloodstained altar of Trog.
 10739 | D:8      | Found a white marble altar of Elyvilon.
 11262 | D:10     | Entered Level 10 of the Dungeon
 11271 | D:10     | Reached skill level 10 in Ice Magic
 11355 | D:10     | Reached *** piety under Hepliaklqana
 11650 | D:10     | Noticed Erica
 11660 | D:10     | Killed Erica
 11660 | D:10     | Reached skill level 1 in Summonings
 11660 | D:10     | Reached XP level 11. HP: 55/81 MP: 3/20
 12683 | D:11     | Reached skill level 5 in Conjurations
 13240 | D:11     | Noticed Maurice
 13257 | D:11     | Killed Maurice
 13311 | D:11     | Reached skill level 11 in Ice Magic
 14022 | D:11     | Reached **** piety under Hepliaklqana
 14163 | D:12     | Found a staircase to the Orcish Mines.
 14491 | D:12     | Noticed an orc knight
 14552 | D:12     | Killed an orc knight
 14877 | D:12     | Noticed an eight-headed hydra
 14884 | D:12     | Mangled by an eight-headed hydra

Skill      XL: |  1  2  3  4  5  6  7  8  9 10 11 |
---------------+----------------------------------+-----
Ice Magic      | 4 5 6 7 8 9 10 11 | 11.6
Dodging        | 2 4 6 7 |  7.0
Spellcasting   | 3 4 5 6 |  6.0
Charms         | 1 2 3 |  3.4
Conjurations   | 3 4 5 |  5.7
Fighting       | 3 5 6 7 |  7.0
Maces & Flails | 1 |  1.0
Invocations    | 3 4 |  4.8
Evocations     | 2 3 |  3.7
Summonings     | 1 2 |  2.9
Stealth        | |  1.7

Action                   |  1- 3 |  4- 6 |  7- 9 | 10-12 || total
-------------------------+-------+-------+-------+-------++-------
Melee: Unarmed           |     4 |       |       |       ||     4
       Dagger            |   113 |    83 |    10 |       ||   206
       Tailslap          |    13 |     6 |    23 |    24 ||    66
       Flail             |       |       |    57 |    31 ||    88
       Quarterstaff      |       |       |   246 |   166 ||   412
 Cast: Freeze            |    40 |    93 |    22 |       ||   155
       Ozocubu's Armour  |       |     8 |    15 |    16 ||    39
       Throw Icicle      |       |       |    22 |    91 ||   113
       Summon Ice Beast  |       |       |       |     3 ||     3
Invok: Ancestor Identity |       |       |     1 |       ||     1
       Ancestor Life: Kn |       |       |     1 |       ||     1
       Recall Ancestor   |       |       |       |     1 ||     1
       Transference      |       |       |       |     1 ||     1
 Abil: Breathe Lightning |       |       |     1 |     1 ||     2
  Use: Scroll            |     1 |     2 |     5 |     7 ||    15
       Potion            |       |     1 |     4 |     1 ||     6
 Stab: Sleeping          |       |     3 |     5 |     2 ||    10
       Petrifying        |       |       |     1 |       ||     1
       Petrified         |       |       |     1 |       ||     1
       Distracted        |       |       |     1 |     2 ||     3
       Confused          |       |       |     1 |       ||     1
  Eat: Chunk             |     4 |     6 |    14 |    30 ||    54
       Ration            |       |     1 |     2 |       ||     3
Armor: Skin              |    60 |    55 |   175 |   110 ||   400
Dodge: Dodged            |   128 |   102 |   308 |   264 ||   802
